 Dungeon Crawl Stone Soup version 0.31-a0-152-g6aa68a64a1 (webtiles) character file.

Game seed: 344209910048589432

1267 qw the Skirmisher (level 8, 0/66 (70) HPs)
             Began as a Minotaur Hunter on June 9, 2023.
             Slain by a wight
             ... wielding a +0 halberd
              (6 damage)
             ... on level 6 of the Dungeon.
             The game lasted 00:01:33 (4485 turns).

qw the Skirmisher (Minotaur Hunter)                 Turns: 4485, Time: 00:01:33

HP:   0/66 (70)     AC:  7    Str: 16    XL:     8   Next: 27%
MP:   7/7           EV: 17    Int:  6    God:
Gold: 267           SH:  0    Dex: 16    Spells: 7/7 levels left

rFire   + . .        d - +0 orcbow
rCold   . . .        (shield currently unavailable)
rNeg    . . .        l - +0 ring mail
rPois   .            (helmet restricted)
rElec   .            (no cloak)
rCorr   .            (no gloves)
SInv    .            n - +1 pair of boots
Will    +....        (no amulet)
Stlth   +            k - +5 ring of evasion
HPRegen 0.31/turn    a - ring of protection from fire
MPRegen 0.10/turn

%: no passive effects
@: drained
A: horns 2, retaliatory headbutt, strong-willed 1
a: no special abilities


You were on level 6 of the Dungeon.
You visited 2 branches of the dungeon, and saw 7 of its levels.

You collected 267 gold pieces.


Innate Abilities, Weirdness & Mutations

You have a pair of horns on your head.
You reflexively headbutt those who attack you in melee.
You are strong-willed. (Will+)


   Skills:
 + Level 6.1 Fighting
 - Level 10.0 Ranged Weapons
 - Level 2.3 Armour
 - Level 3.5 Dodging
 - Level 0.7 Stealth


You had 7 spell levels left.
You didn't know any spells.
Your spell library was empty.

Inventory:

Hand Weapons
 d - a +0 orcbow (weapon)
Armour
 l - a +0 ring mail (worn)
 n - a +1 pair of boots (worn)
Jewellery
 a - a ring of protection from fire (right hand)
 i - a ring of protection from cold
 k - a +5 ring of evasion (left hand)
Scrolls
 c - a scroll of identify
 p - a scroll of poison {unknown}
Potions
 b - a potion of might {unknown}
 e - a potion of haste {unknown}
 f - a potion of brilliance {unknown}
 g - a potion of berserk rage {unknown}
 h - 3 potions of curing
 j - 2 potions of mutation
 m - a potion of magic {unknown}
 o - a potion of resistance {unknown}

Dungeon Overview and Level Annotations

Branches:
Dungeon (6/15)             Temple (1/1) D:4

Altars:
Ashenzari
Cheibriados
Dithmenos
Elyvilon
Fedhas
Gozag
Hepliaklqana
Kikubaaqudgha
Makhleb
Ru
Sif Muna
Trog
Uskayaw
Vehumet
Wu Jian
Yredelemnul
Zin
The Shining One

Annotations:
D:4 2 transporters
D:5 2 transporters, 1 runed translucent door, Crazy Yiuf; qw's ghost, novice GrFi


Message History

The steam dragon claws you.
You shoot an arrow. The arrow hits the steam dragon.
The steam dragon is almost dead.
The wight misses you. The steam dragon breathes steam at you.
The ball of steam misses you.
You shoot an arrow.
The arrow closely misses the steam dragon.
The arrow hits the wight.
The wight is moderately damaged.
The wight closely misses you. The steam dragon completely misses you.
The steam dragon barely misses you.
You shoot an arrow. The arrow hits the steam dragon!
You kill the steam dragon!
The wight misses you.
Your Ranged Weapons skill increases to level 10!
You shoot an arrow. The arrow completely misses the wight.
The wight completely misses you.
You shoot an arrow. The arrow closely misses the wight.
The arrow barely misses the wight.
The wight misses you.
A wight comes into view. It is wielding a +0 great sword.
The wight closely misses you.
You shoot an arrow. The arrow hits the wight!
The wight is severely damaged.
The wight completely misses you.
You shoot an arrow.
The arrow hits the wight but does no damage.
The wight is severely damaged.
The wight barely misses you. The wight hits you with a +3 battleaxe!
You feel drained.
You shoot an arrow. The arrow closely misses the wight.
The wight misses you. The wight hits you with a +3 battleaxe!
You feel drained.
You shoot an arrow. The arrow barely misses the wight.
The wight completely misses you. The wight closely misses you. x2
The wight hits you with a +3 battleaxe.
You shoot an arrow. The arrow hits the wight.
The wight is almost destroyed.
The wight hits you from afar with a +0 halberd.
You die...

## .. .#
######.#
#......#
#...z.[#
#...@.z##+#
#####...z.:%....
#...#...........
#.............#.
#.>...........+
#...###########
#...#
###'############
#...............


You could see 3 wights.

Vanquished Creatures
  A steam dragon (D:6)
  A water moccasin (D:5)
  An ogre (D:6)
  A phantom (D:6)
  A bullfrog (D:6)
  4 scorpions
  5 hounds
  A jelly (D:6)
  Jessica (D:3)
  A sleepcap (D:5)
  6 iguanas
  An orc wizard (D:5)
  A mummy (D:5)
  6 adders
  2 shadow imps
  2 ufetubi
  2 worms (D:4)
  3 dart slugs
  7 orcs
  3 endoplasms
  2 giant cockroaches
  4 goblins
  4 hobgoblins
  3 jackals (D:1)
  A kobold (D:1)
  2 quokkas
  5 ball pythons
  3 bats
  2 frilled lizards
  A hobgoblin zombie (D:5)
  A kobold zombie (D:5)
  2 orc zombies (D:5)
  2 rats
82 creatures vanquished.

Notes
Turn   | Place    | Note
-------+----------+-------------------------------------------
     0 | D:1      | qw the Minotaur Hunter began the quest for the Orb.
     0 | D:1      | Reached XP level 1. HP: 18/18 MP: 0/0
     0 | D:1      | 0 ||| qw: Version: 0.2-a-121-gba3a3e5
     0 | D:1      | 0 ||| qw: Game counter: 3209
     0 | D:1      | 0 ||| qw: Always use a shield: true
     0 | D:1      | 0 ||| qw: God list: Okawaru
     0 | D:1      | 0 ||| qw: Allow faded altars: false
     0 | D:1      | 0 ||| qw: Do Orc after D:15 true
     0 | D:1      | 0 ||| qw: Do second Lair branch before Depths: true
     0 | D:1      | 0 ||| qw: Lair rune preference: random
     0 | D:1      | 0 ||| qw: Plans: Normal
     0 | D:1      | 0 ||| PLANNING D:1-11
   129 | D:1      | Reached XP level 2. HP: 25/25 MP: 1/1
   181 | D:1      | Reached skill level 5 in Ranged Weapons
   666 | D:1      | Reached skill level 3 in Fighting
   669 | D:1      | 669 ||| READING 2 scrolls labelled XYBLEX PADUV.
   670 | D:1      | 670 ||| READING scroll labelled VEYXUOLIZI.
   671 | D:1      | 671 ||| READING scroll labelled TYM SORORA.
   672 | D:1      | 672 ||| DRINKING 2 cyan potions.
   673 | D:1      | 673 ||| DROPPING scroll of butterflies.
   719 | D:2      | Reached XP level 3. HP: 31/31 MP: 2/2
  1341 | D:2      | 1341 ||| UPGRADING to +5 ring of evasion.
  1342 | D:2      | 1342 ||| READING scroll labelled RAEHUN TIASYJE.
  1343 | D:2      | 1343 ||| READING scroll labelled LUONIOTT NUYZ.
  1344 | D:2      | 1344 ||| DRINKING 2 murky puce potions.
  1345 | D:2      | 1345 ||| DROPPING potion of degeneration.
  1360 | D:3      | Reached skill level 6 in Ranged Weapons
  1360 | D:3      | Reached XP level 4. HP: 38/38 MP: 3/3
  1450 | D:3      | Noticed Jessica
  1456 | D:3      | Killed Jessica
  1846 | D:3      | Found a basalt altar of Yredelemnul.
  1849 | D:3      | 1849 ||| READING scroll of enchant weapon.
  1849 | D:3      | 1849 ||| ENCHANTING +1 shortbow.
  2346 | D:3      | 2346 ||| UPGRADING to +0 ring mail.
  2356 | D:3      | 2356 ||| DROPPING +0 leather armour.
  2357 | D:3      | 2357 ||| UPGRADING to +0 pair of boots.
  2362 | D:3      | 2362 ||| READING scroll of enchant armour.
  2362 | D:3      | 2362 ||| ENCHANTING +0 pair of boots.
  2363 | D:3      | 2363 ||| READING scroll labelled HUSTRU LYVAUGOV.
  2364 | D:3      | 2364 ||| READING scroll labelled SYURIU VEIZU.
  2367 | D:3      | 2367 ||| READING scroll labelled CUAMUSMITY.
  2368 | D:3      | 2368 ||| DRINKING 3 lumpy brown potions.
  2368 | D:3      | Gained mutation: You are strong-willed. (Will+) [potion of
                  | mutation]
  2422 | D:4      | Reached skill level 1 in Armour
  2543 | D:4      | Noticed a scorpion
  2548 | D:4      | Killed a scorpion
  2549 | D:4      | Reached XP level 5. HP: 47/47 MP: 4/4
  2578 | D:4      | Found a staircase to the Ecumenical Temple.
  2579 | D:4      | 2579 ||| PLANNING TEMPLE
  2639 | D:4      | Found a broken altar of Ashenzari.
  2641 | D:4      | Found a radiant altar of Vehumet.
  2645 | D:4      | Found a transporter.
  2654 | D:4      | Found a transporter.
  2734 | D:4      | Found a bloodstained altar of Trog.
  2941 | D:5      | Entered Level 5 of the Dungeon
  2970 | D:5      | Reached XP level 6. HP: 53/53 MP: 5/5
  2981 | D:5      | Reached skill level 7 in Ranged Weapons
  3207 | D:5      | 3207 ||| UPGRADING to ring of protection from fire.
  3212 | D:5      | 3212 ||| STAIRDANCE
  3238 | D:5      | Reached skill level 8 in Ranged Weapons
  3301 | D:5      | Reached XP level 7. HP: 61/61 MP: 6/6
  3315 | D:5      | HP: 15/61 [poisoned by a water moccasin]
  3316 | D:5      | Reached skill level 3 in Dodging
  3320 | D:5      | HP: 12/61 [poisoned by a water moccasin]
  3499 | D:5      | 3499 ||| STAIRDANCE
  3506 | Temple   | Entered the Ecumenical Temple
  3581 | Temple   | 3581 ||| PLANNING D:1-11
  3608 | D:5      | Found a transporter.
  3612 | D:5      | Found a transporter.
  3613 | D:5      | Noticed qw's ghost (novice GrFi)
  3792 | D:5      | Found a runed translucent door.
  3793 | D:5      | Noticed Crazy Yiuf
  3796 | D:5      | 3796 ||| DROPPING potion of ambrosia.
  3837 | D:6      | 3837 ||| STAIRDANCE
  4054 | D:6      | 4054 ||| STAIRDANCE
  4181 | D:6      | 4181 ||| SWAPPING to +0 orcbow.
  4182 | D:6      | 4182 ||| DROPPING +2 shortbow.
  4271 | D:6      | Reached skill level 9 in Ranged Weapons
  4379 | D:6      | Reached XP level 8. HP: 70/70 MP: 7/7
  4401 | D:6      | Reached skill level 6 in Fighting
  4479 | D:6      | Reached skill level 10 in Ranged Weapons
  4483 | D:6      | HP: 11/68 [wight/+3 battleaxe (10)]
  4485 | D:6      | Slain by a wight

Levels and vault maps discovered:
D:1:      nicolae_arrival_memento_mori, layout_basic
D:2:      layout_loops_ring, chequers_serial_rivers_small_a
D:3:      layout_basic, lemuel_round_altar, minmay_door_square, minivault_25,
          nicolae_titane, uniq_jessica
D:4:      layout_basic, mainiacjoe_overflow_tiny_flanked,
          gammafunk_temple_overflow_arena, minmay_temple_entry_from_below_a
D:5:      layout_cave_pools, gammafunk_ghost_hive, minmay_mini_ossuary,
          uniq_crazy_yiuf_cottage
D:6:      nicolae_BIG_FREAKIN_CUBE, layout_basic, minmay_misc_feat_room
Temple:   nicolae_temple_great_sept

Skill      XL: |  1  2  3  4  5  6  7  8 |
---------------+-------------------------+-----
Ranged Weapons | 5 6 8 9 10 | 10.0
Fighting       | 3 4 5 6 |  6.1
Armour         | 1 2 |  2.3
Dodging        | 3 |  3.5
Stealth        | |  0.7

Action                     |  1- 3 |  4- 6 |  7- 9 || total
---------------------------+-------+-------+-------++-------
   Fire: Shortbow          |    90 |   120 |    37 ||   247
         Orcbow            |       |       |    65 ||    65
    Use: Scroll            |     5 |     5 |       ||    10
         Potion            |     2 |     1 |       ||     3
 Armour: Leather armour    |     5 |     2 |       ||     7
         Ring mail         |       |    13 |    22 ||    35
  Dodge: Dodged            |    26 |    54 |   104 ||   184

Table legend:
 A = Non-vault XP
 B = Vault XP
 C = Vault XP percentage of total XP
 D = Non-vault monster count
 E = Vault monster count
 F = Vault count percentage of total count
                 A         B        C        D         E       F
            +---------+---------+-------+---------+---------+-------
      Total |    1751 |      59 |   3.3 |      76 |       6 |   7.3
            +---------+---------+-------+---------+---------+-------
        D:1 |      32 |       0 |   0.0 |      18 |       0 |   0.0
        D:2 |      62 |       0 |   0.0 |      13 |       0 |   0.0
        D:3 |      21 |      37 |  63.8 |       5 |       1 |  16.7
        D:4 |     144 |       0 |   0.0 |       7 |       0 |   0.0
        D:5 |     718 |      22 |   3.0 |      20 |       5 |  20.0
        D:6 |     774 |       0 |   0.0 |      13 |       0 |   0.0
            +---------+---------+-------+---------+---------+-------
